 Dungeon Crawl Stone Soup version 0.24.0-123-gd5b16e6ec5 (webtiles) character file.

Game seed: 3095207688427987760, levelgen mode: deterministic

49 FishyPogo the Skirmisher (level 3, -1/29 HPs)
             Began as a Demonspawn Chaos Knight on Feb 10, 2020.
             Was a Plaything of Xom.
             Slain by an anaconda (glowing shapeshifter) (3 damage)
             ... on level 2 of the Dungeon.
             The game lasted 00:01:28 (653 turns).

FishyPogo the Skirmisher (Demonspawn Chaos Knight)   Turns: 653, Time: 00:01:29

Health: -1/29      AC:  7    Str: 13    XL:     3   Next: 53%
Magic:  3/3        EV:  8    Int: 13    God:    Xom [..*...]
Gold:   6          SH:  0    Dex: 12    Spells: 2/2 levels left

rFire    . . .     SeeInvis .   a - +0 short sword (chaos)
rCold    . . .     Gourm    .   (no shield)
rNeg     . . .     Faith    .   b - +2 leather armour
rPois    .         Spirit   .   (no helmet)
rElec    .         Reflect  .   (no cloak)
rCorr    .         Harm     .   (no gloves)
MR       .....                  (no boots)
Stlth    +.........             (no amulet)
HPRegen  0.09/turn              (no ring)
MPRegen  0.08/turn              (no ring)

@: hasted, constricted, very quick
A: slimy green scales 1, demonic guardian 1
a: Renounce Religion


You were on level 2 of the Dungeon.
You worshipped Xom.
You were a toy of Xom.
You were not hungry.

You visited 1 branch of the dungeon, and saw 2 of its levels.

You collected 6 gold pieces.

Inventory:

Hand Weapons
 a - a +0 short sword of chaos (weapon)
Missiles
 e - 38 stones (quivered)
 j - 18 poisoned darts
Armour
 b - a +2 leather armour (worn)
Scrolls
 f - a scroll of noise {unknown}
 h - a scroll of teleportation {unknown}
 k - a scroll of enchant armour {unknown}
Potions
 g - a potion of heal wounds {unknown}
 i - a potion of haste
 l - a potion of agility {unknown}
 m - a potion of mutation {unknown}
Comestibles
 c - 3 rations
 d - 2 chunks of flesh


   Skills:
 + Level 3.4 Fighting
 + Level 3.1 Short Blades
 * Level 2.8 Armour
 - Level 1.0 Dodging


You had 2 spell levels left.
You didn't know any spells.
Your spell library was empty.

Dungeon Overview and Level Annotations

Branches:
Dungeon (2/15)

Altars:


Innate Abilities, Weirdness & Mutations

You are partially covered in slimy green scales. (AC +2)
A weak demonic guardian rushes to your aid.


Message History

The faun is lightly wounded.
The faun changes into an anaconda!
You barely miss the anaconda. The anaconda grabs you.
The anaconda bites you but does no damage.
The anaconda constricts you.
Your iron imp completely misses the anaconda.
You miss the anaconda. The anaconda barely misses you.
The anaconda constricts you. The anaconda bites you.
The anaconda constricts you.
You hit the anaconda.
Lightning courses through the anaconda!!
The anaconda is heavily wounded.
The anaconda bites you. The anaconda constricts you.
Your iron imp barely misses the anaconda.
The anaconda barely misses you. The anaconda constricts you.
It was a potion of haste.
You feel yourself speed up. The anaconda bites you!
* * * LOW HITPOINT WARNING * * *
Xom roars with laughter!
You die...
Xom chortles!

#............#
#......[.....# .#
#########....###.##
#..........
#..........
###..#.#.### #..#
#... ##.###S###.##
#...@5......
#...........
#.###.###.## #..
... #.# .### #.. ..
### ##


You could see an anaconda shaped shifter and a friendly iron imp.

Vanquished Creatures
  An adder (D:2)
  A dart slug (D:1)
  A leopard gecko (D:2)
  A giant cockroach (D:1)
  5 goblins (D:1)
  3 hobgoblins (D:1)
  3 jackals (D:1)
  A quokka (D:2)
  3 ball pythons
  2 bats
  2 frilled lizards (D:1)
  5 kobolds (D:1)
  9 rats (D:1)
37 creatures vanquished.

Notes
Turn   | Place    | Note
-------+----------+-------------------------------------------
     0 | D:1      | FishyPogo the Demonspawn Chaos Knight began the quest for
                  | the Orb.
     0 | D:1      | Reached XP level 1. HP: 18/18 MP: 1/1
    24 | D:1      | XOM: potion effect (invisibility)
    35 | D:1      | Reached skill level 1 in Dodging
   126 | D:1      | XOM: potion effect (might)
   128 | D:1      | Gained mutation: You are partially covered in slimy green
                  | scales. (AC +2) [demonic ancestry]
   128 | D:1      | Reached XP level 2. HP: 23/24 MP: 2/2
   155 | D:1      | XOM: harmless Erth miscast
   321 | D:1      | Gained mutation: A weak demonic guardian rushes to your
                  | aid. [demonic ancestry]
   321 | D:1      | Reached XP level 3. HP: 29/29 MP: 3/3
   567 | D:2      | XOM: stealth player
   647 | D:2      | Noticed a glowing shapeshifter
   647 | D:2      | a bat changed into a glowing shapeshifter
   648 | D:2      | Noticed a faun
   648 | D:2      | a glowing shapeshifter changed into a faun
   649 | D:2      | Noticed an anaconda
   649 | D:2      | a faun changed into an anaconda
   653 | D:2      | Slain by an anaconda (glowing shapeshifter)

Levels and vault maps discovered:
D:1:      dpeg_arrival_ternary, layout_basic
D:2:      minmay_spotlight, layout_basic,
          chequers_temple_overflow_statue_of_worship,
          minmay_misc_feat_nine_boxes, minmay_statues_item, uniq_robin,
          uniq_jessica, uniq_sigmund

Skill      XL: |  1  2 |
---------------+-------+-----
Dodging        | 1 |  1.0
Armour         | 2 |  2.8
Short Blades   | 3 |  3.1
Fighting       | |  3.4

Action                   || total
-------------------------++-------
Melee: Short sword       ||   100
  Use: Potion            ||     1
 Stab: Invisible         ||     1
       Sleeping          ||     1
Armor: Leather armour    ||    39
Dodge: Dodged            ||    72
